 Dungeon Crawl Stone Soup version 0.25-a0-424-g80bd347 (webtiles) character file.

Game seed: 15197701368408596245, levelgen mode: deterministic

3210 AngryBottledMilk the Ruffian (level 9, -5/85 HPs)
             Began as a Troll Fighter on Jan 21, 2020.
             Was a Priest of Sif Muna.
             Slain by a yak (13 damage)
             ... on level 7 of the Dungeon.
             The game lasted 00:16:29 (4898 turns).

AngryBottledMilk the Ruffian (Troll Fighter)        Turns: 4898, Time: 00:16:30

Health: -5/85      AC:  6    Str: 29    XL:     9   Next: 65%
Magic:  11/11      EV: 11    Int:  4    God:    Sif Muna [***...]
Gold:   244        SH: 18    Dex:  9    Spells: 13/13 levels left

rFire    + . .     SeeInvis .     - Unarmed
rCold    + . .     Gourm    +   r - +1 large shield
rNeg     . . .     Faith    .   a - +0 robe
rPois    .         Spirit   .   (helmet restricted)
rElec    .         Reflect  .   x - scarf {rC+ rF+}
rCorr    .         Harm     .   (gloves unavailable)
MR       .....                  (boots unavailable)
Stlth    +.........             (no amulet)
HPRegen  0.64/turn              (no ring)
MPRegen  0.12/turn              (no ring)

@: no status effects
A: large, unfitting armour, claws 3, talons 1, repulsion field 1, blurry vision
1, fast metabolism 3, gourmand, regeneration 1, shaggy fur 1, tough skin 3, wild
magic 1
a: Channel Magic, Forget Spell, Renounce Religion


You were on level 7 of the Dungeon.
You worshipped Sif Muna.
Sif Muna was most pleased with you.
You were very full.

You visited 1 branch of the dungeon, and saw 7 of its levels.

You collected 348 gold pieces.
You spent 104 gold pieces at shops.

Inventory:

Missiles
 f - 23 poisoned darts
 g - 10 boomerangs (quivered)
 u - 4 throwing nets
Armour
 a - a +0 robe (worn)
 r - a +1 large shield (worn)
 x - a scarf of resistance (worn)
Wands
 c - a wand of random effects (19)
 w - a wand of clouds (3)
 y - a wand of digging (5)
Scrolls
 e - a scroll of enchant weapon {unknown}
 i - 10 scrolls of identify
 l - 4 scrolls of teleportation
 m - a scroll of enchant armour
 p - 2 scrolls of blinking
 q - 2 scrolls of remove curse
 t - a scroll of random uselessness {unknown}
 v - a scroll of magic mapping {unknown}
 z - a scroll of amnesia {unknown}
Potions
 b - a potion of flight {unknown}
 h - a potion of lignification
 k - 5 potions of heal wounds {unknown}
 n - a potion of resistance {unknown}
 o - 3 potions of curing {unknown}
 s - 2 potions of haste {unknown}
Comestibles
 d - 18 rations


   Skills:
 * Level 4.6 Fighting
 + Level 4.9 Dodging
 + Level 1.0 Stealth
 * Level 6.7 Shields
 + Level 7.7 Unarmed Combat
 * Level 2.5 Spellcasting


You had 13 spell levels left.
You didn't know any spells.
Your spell library was empty.

Dungeon Overview and Level Annotations

Branches:
Dungeon (7/15)             Temple (0/1) D:6

Altars:
Ashenzari
Cheibriados
Elyvilon
Qazlal
Sif Muna
Trog
Xom
Zin

Shops:
D:6 ?

Annotations:
D:6 3 runed translucent doors, lyrin's ghost, novice DEEE


Innate Abilities, Weirdness & Mutations

You are too large for most types of armour.
You have claws for hands.
Your metabolism is lightning-fast.
You like to eat raw meat.
Your natural rate of healing is unusually fast.
You are covered in fur. (AC +1)
You have extremely tough skin. (AC +3)
You have sharp toenails.
You are surrounded by a mild repulsion field. (EV +2)
Scrolls take you a little longer to read.
Your spells are a little harder to cast, but a little more powerful.


Message History

You mangle the yak!!
The yak is almost dead.
You block the yak's attack. x2
You scratch the yak but do no damage.
The yak is almost dead.
The yak gores you but does no damage. The yak gores you.
* * * LOW HITPOINT WARNING * * *
You barely miss the yak.
The yak is almost dead.
You block the yak's attack. The yak gores you!
* * * LOW HITPOINT WARNING * * *
It was a potion of mutation.
You feel extremely strange.
You begin to radiate repulsive energy.
Your vision blurs.
You feel less in control of your magic.
Your toenails lengthen and sharpen.
The yak barely misses you. You block the yak's attack.
You claw the yak!
You kill the yak!
Sif Muna accepts your kill. The yak gores you!
You die...

#...........#.......#.......
#...........#.......#.......
#...>.......#...###.#.......
######'##+#########.########
#..........#.....#...#
#..........#.....#...#
#..........#.....#...#
#.........Y#.....#...#
#.........@†.....#...#
######################


You could see a yak.

Vanquished Creatures
  Harold (D:7)
  Joseph (D:7)
  4 yaks (D:7)
  A sky beast (D:7)
  2 black bears (D:6)
  An ogre (D:5)
  Blork the orc (D:5)
  A bullfrog (D:6)
  2 scorpions
  A crimson imp (D:5)
  A quasit (D:6)
  3 hounds
  A centaur skeleton (D:7)
  2 bullfrog skeletons (D:5)
  2 orc priests (D:5)
  An orc wizard (D:3)
  2 iguanas
  A gnoll shaman (D:7)
  Natasha (thrice) (D:3)
  4 worker ants
  11 adders
  11 gnolls
  2 shadow imps
  3 oozes
  3 adder skeletons
  4 worms
  2 dart slugs
  8 leopard geckos
  10 orcs
  5 giant cockroaches
  19 goblins
  7 hobgoblins
  8 jackals
  5 kobolds
  2 quokkas
  2 ball pythons
  9 bats
  6 frilled lizards
  2 quokka skeletons
  8 rats
162 creatures vanquished.

Notes
Turn   | Place    | Note
-------+----------+-------------------------------------------
     0 | D:1      | AngryBottledMilk the Troll Fighter began the quest for the
                  | Orb.
     0 | D:1      | Reached XP level 1. HP: 22/22 MP: 0/0
   100 | D:1      | Reached XP level 2. HP: 29/29 MP: 1/1
   447 | D:2      | Reached XP level 3. HP: 34/36 MP: 2/2
   587 | D:2      | Reached skill level 3 in Unarmed Combat
   632 | D:2      | Reached XP level 4. HP: 40/44 MP: 3/3
  1129 | D:3      | Noticed Natasha
  1131 | D:3      | Found a shimmering blue altar of Sif Muna.
  1132 | D:3      | Found a bloodstained altar of Trog.
  1156 | D:3      | Killed Natasha
  1219 | D:3      | Became a worshipper of Sif Muna the Loreminder
  1260 | D:3      | Reached XP level 5. HP: 45/50 MP: 4/4
  1322 | D:3      | Reached skill level 4 in Unarmed Combat
  1358 | D:3      | Found a shattered altar of Ashenzari.
  1668 | D:3      | Noticed Natasha
  1672 | D:3      | Killed Natasha
  1737 | D:3      | Noticed Natasha
  1743 | D:3      | Killed Natasha
  1751 | D:3      | Reached * piety under Sif Muna
  1832 | D:3      | Found a snail-covered altar of Cheibriados.
  2045 | D:4      | Reached XP level 6. HP: 58/59 MP: 5/5
  2299 | D:4      | Reached skill level 5 in Unarmed Combat
  2419 | D:5      | Entered Level 5 of the Dungeon
  2533 | D:5      | Reached XP level 7. HP: 56/66 MP: 6/6
  2608 | D:5      | Reached ** piety under Sif Muna
  2926 | D:5      | Noticed Blork the orc
  2935 | D:5      | Killed Blork the orc
  2935 | D:5      | Reached skill level 6 in Unarmed Combat
  3223 | D:5      | Reached skill level 1 in Spellcasting
  3339 | D:6      | Found Behos's Magic Scroll Emporium.
  3366 | D:6      | Bought a scroll of enchant armour for 82 gold pieces
  3366 | D:6      | Bought a scroll of identify for 22 gold pieces
  3403 | D:6      | Found a runed translucent gate.
  3403 | D:6      | Found a runed translucent gate.
  3403 | D:6      | Found a runed translucent gate.
  3428 | D:6      | Noticed lyrin's ghost (novice DEEE)
  3440 | D:6      | Reached XP level 8. HP: 64/75 MP: 8/8
  3462 | D:6      | Found a white marble altar of Elyvilon.
  3534 | D:6      | Found a staircase to the Ecumenical Temple.
  3590 | D:6      | Found a shimmering altar of Xom.
  3590 | D:6      | Noticed an angel
  3606 | D:6      | Found a glowing silver altar of Zin.
  3703 | D:6      | Noticed a gargoyle
  3703 | D:6      | Noticed a hippogriff
  4254 | D:7      | Noticed Harold
  4269 | D:7      | Noticed Joseph
  4282 | D:7      | Killed Joseph
  4282 | D:7      | Reached skill level 5 in Shields
  4282 | D:7      | Reached skill level 7 in Unarmed Combat
  4285 | D:7      | Killed Harold
  4285 | D:7      | Reached *** piety under Sif Muna
  4285 | D:7      | Reached skill level 1 in Stealth
  4285 | D:7      | Reached XP level 9. HP: 64/84 MP: 9/11
  4585 | D:7      | Found a stormy altar of Qazlal.
  4897 | D:7      | Gained mutation: You are surrounded by a mild repulsion
                  | field. (EV +2) [potion of mutation]
  4897 | D:7      | Gained mutation: Scrolls take you a little longer to read.
                  | [potion of mutation]
  4897 | D:7      | Gained mutation: Your spells are a little harder to cast,
                  | but a little more powerful. [potion of mutation]
  4897 | D:7      | Gained mutation: You have sharp toenails. [potion of
                  | mutation]
  4898 | D:7      | Slain by a yak

Levels and vault maps discovered:
D:1:      minmay_arrival_three_doors, layout_rooms
D:2:      layout_loops_ring
D:3:      layout_loops_cross, kennysheep_slug_shrine, evilmike_ruin_ashenzari,
          chequers_temple_overflow_statue_of_worship, first_ration,
          minmay_misc_feat_roman, chequers_jeans, uniq_natasha
D:4:      layout_cave_pools
D:5:      corexii_shantytown, layout_rooms, uniq_blork_the_orc
D:6:      layout_basic, grunt_temple_overflow_order_and_chaos_1,
          old_standard_altar, minmay_temple_entry_large_hall,
          gammafunk_ghost_necromancy, serial_shops, shop,
          minmay_stone_trees_small, lightli_corner_chamber
D:7:      layout_gridville, grunt_qazlal_clouds, uniq_joseph, uniq_harold

Skill      XL: |  1  2  3  4  5  6  7  8  9 |
---------------+----------------------------+-----
Unarmed Combat | 3 4 5 6 7 |  7.7
Shields        | 3 4 5 6 |  6.7
Dodging        | 3 4 |  4.9
Fighting       | 3 4 |  4.6
Spellcasting   | 1 2 |  2.5
Stealth        | 1 |  1.0

Action                   |  1- 3 |  4- 6 |  7- 9 || total
-------------------------+-------+-------+-------++-------
Melee: Unarmed           |    98 |   177 |   237 ||   512
  Use: Potion            |       |     1 |     4 ||     5
       Scroll            |       |       |     5 ||     5
  Eat: Chunk             |    11 |    18 |    20 ||    49
Armor: Robe              |    41 |    49 |    50 ||   140
       Skin              |       |       |    44 ||    44
Dodge: Dodged            |    33 |    62 |    33 ||   128
Block: Shield            |    39 |    61 |     1 ||   101
       Large shield      |       |       |   218 ||   218

Table legend:
 A = Non-vault XP
 B = Vault XP
 C = Vault XP percentage of total XP
 D = Non-vault monster count
 E = Vault monster count
 F = Vault count percentage of total count
                 A         B        C        D         E       F
            +---------+---------+-------+---------+---------+-------
      Total |    2830 |    1757 |  38.3 |     134 |      28 |  17.3
            +---------+---------+-------+---------+---------+-------
        D:1 |      30 |       0 |   0.0 |      17 |       0 |   0.0
        D:2 |      95 |       0 |   0.0 |      22 |       0 |   0.0
        D:3 |     204 |      40 |  16.4 |      32 |       2 |   5.9
        D:4 |     162 |       0 |   0.0 |      11 |       0 |   0.0
        D:5 |     604 |     180 |  23.0 |      22 |      24 |  52.2
        D:6 |     522 |       0 |   0.0 |      11 |       0 |   0.0
        D:7 |    1213 |    1537 |  55.9 |      19 |       2 |   9.5
            +---------+---------+-------+---------+---------+-------
